 Dungeon Crawl Stone Soup version 0.31.0-1-g2c135a0 (webtiles) character file.

Game seed: 14072635179543575596

112 jagoly the Chopper (level 4, -1/29 HPs)
             Began as a Gargoyle Monk on Jan 26, 2024.
             Killed from afar by a steam dragon (8 damage)
             ... with a ball of steam
             ... on level 4 of the Dungeon.
             The game lasted 00:04:33 (650 turns).

jagoly the Chopper (Gargoyle Monk)                   Turns: 650, Time: 00:04:33

Health: -1/29      AC:  5    Str: 16    XL:     4   Next: 95%
Magic:  4/4        EV: 12    Int: 11    God:
Gold:   84         SH:  0    Dex: 12    Spells: 3/3 levels left

rFire   . . .        a - +0 hand axe
rCold   . . .        d - orb {light}
rNeg    + . .        b - +0 robe
rPois   ∞            (no helmet)
rElec   +            (no cloak)
rCorr   .            (no gloves)
SInv    .            (no boots)
Will    .....        (no amulet)
Stlth   +            (no ring)
HPRegen 0.24/turn    (no ring)
MPRegen 0.09/turn

%: no passive effects
@: glowing
A: sickness immunity, AC +3, negative energy resistance 1, electricity
resistance, torment resistance 1, petrification resistance
a: no special abilities


You were on level 4 of the Dungeon.
You visited 1 branch of the dungeon, and saw 4 of its levels.

You collected 84 gold pieces.

Inventory:

Hand Weapons
 a - a +0 hand axe (weapon)
 k - a +0 sling
Missiles
 f - 16 stones (quivered)
Armour
 b - a +0 robe (worn)
 d - an orb of light (worn)
Jewellery
 i - the ring of Day {Wiz rF- rCorr Int+4 Stlth+}
   (You found it on level 3 of the Dungeon)

   [ring of wizardry]

   Wiz:       It improves your spell success rate.
   Int+4:     It affects your intelligence (+4).
   rF-:       It makes you vulnerable to fire.
   rCorr:     It protects you from acid and corrosion.
   Stlth+:    It makes you more stealthy.
Scrolls
 l - a scroll of vulnerability {unknown}
Potions
 c - a potion of ambrosia
 e - 2 potions of heal wounds {unknown}
 g - a potion of degeneration {unknown}
 h - a potion of resistance {unknown}
 j - 2 potions of enlightenment {unknown}


   Skills:
 - Level 4.0 Fighting
 * Level 4.2 Axes
 - Level 2.4 Dodging
 - Level 2.0 Stealth


You had 3 spell levels left.
You didn't know any spells.
Your spell library was empty.

Dungeon Overview and Level Annotations

Branches:
Dungeon (4/15) Zot: 23328
 Temple: D:4-7

Altars:


Innate Abilities, Weirdness & Mutations

You are immune to sickness and miasma.
Your stone body is resilient. (AC +3)
You are immune to poison.
You resist negative energy. (rN+)
You are resistant to electric shocks. (rElec)
You are resistant to unholy torment.
You are immune to petrification.


Message History

Aim: a frilled lizard (haloed, about 40% to evade your +0 hand axe)
You closely miss the frilled lizard.
The frilled lizard bites you but does no damage.
Cleave: a) +0 hand axe
Press: ? - help, Dir - move target, f/p - frilled lizard
Aim: a frilled lizard (haloed, about 40% to evade your +0 hand axe)
You closely miss the frilled lizard.
The frilled lizard bites you but does no damage.
Cleave: a) +0 hand axe
Press: ? - help, Dir - move target, f/p - frilled lizard
Aim: a frilled lizard (haloed, about 40% to evade your +0 hand axe)
You hit the frilled lizard but do no damage.
The frilled lizard barely misses you.
Cleave: a) +0 hand axe
Press: ? - help, Dir - move target, f/p - frilled lizard
Aim: a frilled lizard (haloed, about 40% to evade your +0 hand axe)
You hit the frilled lizard.
The frilled lizard is heavily wounded.
The frilled lizard barely misses you.
Cleave: a) +0 hand axe
Press: ? - help, Dir - move target, f/p - frilled lizard
Aim: a frilled lizard (heavily wounded, haloed, about 40% to evade your +0 hand axe)
You hit the frilled lizard.
You kill the frilled lizard!
Cleave: a) +0 hand axe
Press: ? - help, Dir - move target, f - you
Okay, then.
You see here a frilled lizard corpse.
A ball python comes into view.
A giant cockroach comes into view.
The ball python bites you but does no damage.
The ball python grabs you. The ball python constricts you.
You are too injured to fight recklessly!
You hit the ball python.
You kill the ball python!
The giant cockroach bites you but does no damage.
You see here a ball python corpse.
You slash the giant cockroach!
You kill the giant cockroach!
No target in view!
You open the door.
Found a faded altar of an unknown god.
There is an open door here.
There is a faded altar of an unknown god here.
This altar belongs to (a) Zin, (b) Okawaru or (c) Ashenzari, but you can't tell which.
Press the corresponding letter to learn more about a god, or press enter to convert or escape to cancel.
Okay, then.
You open the door.
There is an open door here.
HP restored.
Found a stone staircase leading down.
HP restored.
There is a stone staircase leading down here.
You climb downwards.
Found an escape hatch in the floor.
There is a stone staircase leading up here.
You can't go down here!
The helpless kobold fails to defend itself.
You hit the kobold.
You kill the kobold!
f - 14 stones (gained 3)
You see here a +0 whip.
There is a stone staircase leading up here.
Your library has no spells.
You climb upwards.
There is a stone staircase leading down here.
Found a stone staircase leading up.
There is a stone staircase leading up here.
You climb upwards.
Found 4 stones.
There is a stone staircase leading down here.
The quokka barely misses you. The quokka closely misses you.
You slash the quokka!
You kill the quokka!
No target in view!
f - 18 stones (gained 4)
There is a stone staircase leading down here.
You climb downwards.
There is a stone staircase leading up here.
An adder comes into view.
The adder hisses angrily.
An adder is nearby!
You closely miss the adder. The adder closely misses you. x2
You barely miss the adder. The adder bites you but does no damage.
You barely miss the adder. The adder bites you. The adder misses you.
You hit the adder.
The adder is heavily wounded.
The adder bites you.
You closely miss the adder.
The adder is heavily wounded.
The adder bites you but does no damage. The adder closely misses you.
You slash the adder!
You kill the adder!
You have reached level 4!
You feel clever.
You see here an adder corpse.
Found 3 gold pieces.
Found a stone staircase leading up.
You open the door.
Found 16 gold pieces.
Found a runed dagger.
There is an open door here.
You now have 45 gold pieces (gained 16).
You open the door.
There is an open door here.
Found a pink potion.
There is a stone staircase leading up here.
You climb upwards.
Found a robe.
There is a stone staircase leading down here.
You climb downwards.
There is a stone staircase leading up here.
You see here a +4 dagger.
You now have 48 gold pieces (gained 3).
You see here a +4 dagger.
e - 2 pink potions (gained 1)
A bat and a hobgoblin come into view.
The hobgoblin shouts!
You hear a loud squeak.
The hobgoblin hits you.
A rat comes into view.
You hit the hobgoblin.
The hobgoblin is heavily wounded.
The hobgoblin hits you but does no damage.
You hit the hobgoblin.
You kill the hobgoblin!
The bat closely misses you. The bat hits you but does no damage.
You see here a hobgoblin corpse.
The bat hits you but does no damage. The bat closely misses you.
The rat misses you.
You slash the rat!
You kill the rat!
You barely miss the bat. The bat misses you.
The bat hits you but does no damage. The bat closely misses you.
You hit the bat.
The bat is severely wounded.
The bat hits you but does no damage. The bat hits you but does no damage.
You hit the bat.
You kill the bat!
Found 2 gold pieces.
Found a glowing ruby potion.
h - a glowing ruby potion A bat comes into view.
A ribbon worm comes into view.
Found a stone staircase leading down.
You see here 2 gold pieces.
You now have 50 gold pieces (gained 2).
A ribbon worm comes into view.
The bat hits you but does no damage.
You closely miss the bat. The bat misses you.
The bat hits you but does no damage.
An endoplasm comes into view.
The bat hits you but does no damage.
The ribbon worm falls through a shaft!
The shaft crumbles and collapses.
The ribbon worm expels a string of sticky webbing.
The stream of webbing hits you but does no damage.
You are caught in a web!
There is a web here.
The web tears apart.
The bat hits you but does no damage.
You hit the ribbon worm but do no damage.
You closely miss the bat. The bat barely misses you.
The ribbon worm barely misses you.
You hit the ribbon worm.
The ribbon worm is moderately wounded.
You hit the bat.
You kill the bat!
The ribbon worm misses you.
You hit the ribbon worm.
The ribbon worm is heavily wounded.
The ribbon worm expels a string of sticky webbing.
The stream of webbing hits you but does no damage.
You are caught in a web!
The web tears apart.
The ribbon worm expels a string of sticky webbing.
The stream of webbing hits you but does no damage.
You are caught in a web!
The web tears apart.
The endoplasm misses you. The ribbon worm bites you.
You hit the ribbon worm.
The ribbon worm is heavily wounded.
You hit the endoplasm. The endoplasm misses you.
You hit the ribbon worm.
The ribbon worm is severely wounded.
You hit the endoplasm.
The ribbon worm expels a string of sticky webbing.
The stream of webbing hits you but does no damage.
You are caught in a web!
The endoplasm hits you.
The web tears apart.
The endoplasm freezes you.
You are frozen.
The ribbon worm barely misses you.
You hit the ribbon worm.
The ribbon worm is almost dead.
You hit the endoplasm but do no damage. The endoplasm closely misses you.
The ribbon worm completely misses you.
You hit the ribbon worm.
The ribbon worm is almost dead.
You hit the endoplasm.
You kill the endoplasm!
The ribbon worm bites you.
You hit the ribbon worm.
You kill the ribbon worm!
No target in view!
No target in view!
A dart slug comes into view.
A ribbon worm comes into view.
A ball python comes into view.
The dart slug briefly extends its eye-stalks.
The ribbon worm falls through a shaft!
The shaft crumbles and collapses.
You hit the dart slug.
The dart slug is moderately wounded.
You hit the dart slug.
The dart slug is moderately wounded.
The dart slug launches a dart at you. The slug dart hits you.
The ball python falls through a shaft!
The shaft crumbles and collapses.
You hit the dart slug but do no damage.
The dart slug is moderately wounded.
The dart slug launches a dart at you.
The slug dart hits you but does no damage.
You hit the dart slug.
The dart slug is severely wounded.
The dart slug barely misses you.
You hit the dart slug but do no damage.
The dart slug is severely wounded.
The dart slug bites you but does no damage.
You hit the dart slug.
The dart slug is almost dead.
You hit the dart slug.
You kill the dart slug!
Training target 2.0 for Stealth reached!
Your Stealth skill increases to level 2!
No target in view!
No target in view!
There is a stone staircase leading down here.
You climb downwards.
There is a stone staircase leading up here.
A bat comes into view.
A bat is nearby!
You slash the bat!
You kill the bat!
No target in view!
No target in view!
No target in view!
A giant cockroach comes into view.
A ribbon worm comes into view.
The giant cockroach bites you but does no damage.
You hit the giant cockroach.
The giant cockroach is moderately wounded.
The giant cockroach bites you but does no damage.
The ribbon worm expels a string of sticky webbing.
The stream of webbing hits you but does no damage.
You are caught in a web!
The web tears apart.
The giant cockroach bites you.
You hit the giant cockroach.
The giant cockroach is almost dead.
The giant cockroach closely misses you.
The giant cockroach completely misses you.
You hit the giant cockroach.
You kill the giant cockroach!
You hit the ribbon worm.
The ribbon worm is moderately wounded.
The ribbon worm closely misses you.
You slash the ribbon worm!
The ribbon worm is severely wounded.
The ribbon worm expels a string of sticky webbing.
The stream of webbing hits you but does no damage.
You are caught in a web!
You struggle to detach yourself from the web.
The ribbon worm barely misses you.
You struggle to detach yourself from the web.
The ribbon worm barely misses you.
The web tears apart.
The ribbon worm closely misses you.
You hit the ribbon worm.
The ribbon worm is heavily wounded.
The ribbon worm misses you.
You hit the ribbon worm.
The ribbon worm is severely wounded.
The ribbon worm bites you but does no damage.
You hit the ribbon worm.
The ribbon worm is almost dead.
You slash the ribbon worm!
You kill the ribbon worm!
Training target 4.0 for Fighting reached!
Your Fighting skill increases to level 4!
No target in view!
Found 12 gold pieces.
You now have 62 gold pieces (gained 12).
Found 15 gold pieces.
Found a brightly glowing bronze ring.
Found 7 gold pieces.
You now have 77 gold pieces (gained 15).
i - the ring of Day {Wiz rF- rCorr Int+4 Stlth+} A ribbon worm comes into view.
The ribbon worm expels a string of sticky webbing.
The stream of webbing hits you but does no damage.
You are caught in a web!
There is a web here.
You see here 7 gold pieces.
You now have 84 gold pieces (gained 7).
The web tears apart.
The ribbon worm misses you.
You slash the ribbon worm!
The ribbon worm is moderately wounded.
The ribbon worm barely misses you.
You hit the ribbon worm.
The ribbon worm is moderately wounded.
The ribbon worm barely misses you.
You hit the ribbon worm.
The ribbon worm is heavily wounded.
You slash the ribbon worm!
The ribbon worm is almost dead.
The ribbon worm bites you but does no damage.
You hit the ribbon worm.
The ribbon worm is almost dead.
The ribbon worm barely misses you.
You hit the ribbon worm.
You kill the ribbon worm!
You see here a ribbon worm corpse.
Found 2 cyan potions.
j - 2 cyan potions
Found a ring mail.
Found a stone staircase leading down.
There is a stone staircase leading down here.
You climb downwards.
There is a stone staircase leading up here.
The ball python bites you. The ball python closely misses you.
You hit the ball python.
The ball python is severely wounded.
The ball python bites you. The ball python closely misses you.
You completely miss the ball python.
The ball python is severely wounded.
The ball python misses you. The ball python grabs you.
The ball python constricts you.
You barely miss the ball python.
The ball python is severely wounded.
The ball python barely misses you. The ball python constricts you.
The ball python bites you. The ball python constricts you.
You hit the ball python.
You kill the ball python!
No target in view!
You open the door.
Found a stone staircase leading down.
There is an open door here.
You open the door.
An adder comes into view.
No target in view!
No target in view!
No target in view!
No target in view!
No target in view!
Found a club.
Found a sling.
HP restored.
You see here a +0 sling.
k - a +0 sling An adder zombie comes into view.
The adder zombie moves out of view.
The adder zombie closely misses you.
You slash the adder zombie!
The adder zombie is heavily damaged.
The adder zombie closely misses you.
You hit the adder zombie.
The adder zombie is heavily damaged.
The adder zombie bites you but does no damage.
You hit the adder zombie.
The adder zombie is heavily damaged.
The adder zombie misses you. The adder zombie barely misses you.
You hit the adder zombie.
The adder zombie is almost destroyed.
The adder zombie misses you.
You hit the adder zombie.
You destroy the adder zombie!
No target in view!
A centaur skeleton comes into view.
An endoplasm comes into view.
The endoplasm quivers.
The centaur skeleton misses you.
The centaur skeleton kicks you but does no damage.
You hit the centaur skeleton.
The centaur skeleton is lightly damaged.
You hit the withered plant.
The withered plant begins to crumble.
The centaur skeleton hits you but does no damage.
The centaur skeleton kicks you but does no damage.
You completely miss the centaur skeleton.
The centaur skeleton is lightly damaged.
You completely miss the withered plant. The centaur skeleton misses you.
The centaur skeleton closely misses you.
The centaur skeleton hits you but does no damage.
The centaur skeleton barely misses you.
You hit the centaur skeleton.
The centaur skeleton is moderately damaged.
You hit the withered plant. You hit the endoplasm but do no damage.
The withered plant crumbles away.
The centaur skeleton hits you.
The centaur skeleton kicks you but does no damage.
You hit the centaur skeleton but do no damage.
The centaur skeleton is moderately damaged.
You hit the endoplasm. The centaur skeleton barely misses you.
The centaur skeleton completely misses you.
The endoplasm closely misses you. The centaur skeleton misses you.
The centaur skeleton kicks you but does no damage.
You hit the endoplasm.
You kill the endoplasm!
You hit the centaur skeleton. The centaur skeleton barely misses you.
The centaur skeleton kicks you.
You hit the centaur skeleton.
The centaur skeleton is heavily damaged.
The centaur skeleton hits you but does no damage.
The centaur skeleton kicks you but does no damage.
The centaur skeleton closely misses you.
The centaur skeleton barely misses you.
You hit the centaur skeleton.
The centaur skeleton is severely damaged.
The centaur skeleton closely misses you.
The centaur skeleton kicks you.
You slash the centaur skeleton!
The centaur skeleton is almost destroyed.
The centaur skeleton misses you.
The centaur skeleton closely misses you.
You hit the centaur skeleton.
You destroy the centaur skeleton!
Your Axes skill increases to level 4!
You enter the shallow water.
Moving in this stuff is going to be slow.
You hit the ribbon worm.
The ribbon worm is moderately wounded.
The ribbon worm attacks as it pursues you!
The ribbon worm bites you!
You completely miss the ribbon worm.
The ribbon worm is moderately wounded.
The ribbon worm expels a string of sticky webbing.
The stream of webbing hits you but does no damage.
You are caught in a web!
The web tears apart.
The ribbon worm splashes around in the water.
You slash the ribbon worm!
The ribbon worm is heavily wounded.
You hit the ribbon worm but do no damage.
The ribbon worm is heavily wounded.
The ribbon worm bites you but does no damage.
You hit the ribbon worm but do no damage.
The ribbon worm is heavily wounded.
The ribbon worm splashes around in the water.
You hit the ribbon worm.
The ribbon worm is severely wounded.
The ribbon worm bites you but does no damage.
You hit the ribbon worm.
The ribbon worm is severely wounded.
The ribbon worm expels a string of sticky webbing.
The stream of webbing hits you but does no damage.
You are caught in a web!
The web tears apart.
The ribbon worm splashes around in the water.
You slash the ribbon worm!
You kill the ribbon worm!
No target in view!
You enter the shallow water.
Moving in this stuff is going to be slow.
You see here a ribbon worm corpse.
Found a scroll labelled DAISYL OSTRIASI.
A steam dragon comes into view.
The steam dragon hisses angrily.
Okay, then.
You aren't carrying any items that you can evoke.
Unknown command.
Okay, then.
You aren't carrying any scrolls.
Unknown command.
Throw: 18 stones
Press: ? - help, Q - select action Shift-Dir - straight line, f - steam dragon
Aim: a steam dragon (56% to hit)
You throw a stone.
The stone hits the steam dragon but does no damage.
Throw: 17 stones
Press: ? - help, Q - select action Shift-Dir - straight line, f/p - steam dragon
Aim: a steam dragon (56% to hit)
You throw a stone.
The stone hits the steam dragon but does no damage.
An endoplasm comes into view.
Throw: 16 stones
Press: ? - help, Q - select action Shift-Dir - straight line, f/p - steam dragon
Aim: a steam dragon (haloed, 76% to hit)
Okay, then.
The steam dragon breathes steam at you. The ball of steam hits you!!
Ouch! That really hurt!
* * * LOW HITPOINT WARNING * * *
You hear a shout! x3
Found a scroll labelled XABBOL RAOL WOGA.
l - a scroll labelled XABBOL RAOL WOGA Cleave: a) +0 hand axe
Press: ? - help, Dir - move target, f/p - steam dragon
Aim: a steam dragon (haloed, about 20% to evade your +0 hand axe)
You hit the steam dragon but do no damage.
The steam dragon misses you. The steam dragon closely misses you.
Cleave: a) +0 hand axe
Press: ? - help, Dir - move target, f/p - steam dragon
Aim: a steam dragon (haloed, about 20% to evade your +0 hand axe)
You slash the steam dragon!
The steam dragon is moderately wounded.
The steam dragon breathes steam at you. The ball of steam hits you!
You die...

..........#..~P......
............~.~......
..........#.~~~~..#+#
..........#.~~~~.##.#
..........#..~~.....#
.............†.§§##.#
.........#####.#§.....#
.......).# #.##D#..?..
#...######
#..@.#.#..J.. ###....
######.###... #..... .#
... ..... .. .. .....
...


You could see a steam dragon (catching breath).

Vanquished Creatures
  A howler monkey (D:2)
  A centaur skeleton (D:4)
  An adder (D:2)
  An adder zombie (D:4)
  A dart slug (D:2)
  4 ribbon worms
  4 ball pythons
  2 endoplasms
  2 giant cockroaches
  A goblin (D:2)
  A hobgoblin (D:2)
  2 quokkas
  3 bats
  3 frilled lizards
  A kobold (D:3)
  2 rats (D:2)
30 creatures vanquished.

Notes
Turn   | Place    | Note
-------+----------+-------------------------------------------
     0 | D:1      | jagoly the Gargoyle Monk began the quest for the Orb.
     0 | D:1      | Reached XP level 1. HP: 14/14 MP: 1/1
   154 | D:2      | Reached XP level 2. HP: 16/19 MP: 2/2
   170 | D:2      | Noticed a howler monkey
   192 | D:2      | Killed a howler monkey
   193 | D:2      | Reached skill level 1 in Stealth
   193 | D:2      | Reached XP level 3. HP: 10/24 MP: 3/3
   219 | D:2      | Found a faded altar of an unknown god.
   291 | D:2      | Reached XP level 4. HP: 24/29 MP: 4/4
   505 | D:3      | Identified the ring of Day {Wiz rF- rCorr Int+4 Stlth+}
   636 | D:4      | Noticed a steam dragon
   650 | D:4      | Killed from afar by a steam dragon

Illustrated notes

Levels and vault maps discovered:
D:1:      dpeg_arrival_more_subterranean_lakeside_camping, layout_basic,
          chequers_jeans
D:2:      layout_loops_ring, dreamdust_ecumenical_altar_angels_and_demons,
          minmay_misc_feat_doors, nicolae_wormholes
D:3:      layout_loops_cross, serial_glass, glass_columns_c, glass_columns_b,
          uniq_natasha, uniq_robin, uniq_ijyb
D:4:      layout_basic, serial_undead, serial_undead_c, serial_undead_a,
          serial_undead_a, serial_undead_a, serial_undead_c, serial_undead_f,
          serial_library_hellmonk_reading_circle

Skill      XL: |  1  2  3  4 |
---------------+-------------+-----
Axes           | 3 4 |  4.2
Stealth        | 1 2 |  2.0
Fighting       | 4 |  4.0
Dodging        | |  2.4

Action                     |  1- 3 |  4- 6 || total
---------------------------+-------+-------++-------
  Melee: Hand axe          |    48 |    65 ||   113
  Throw: Stone             |       |     2 ||     2
   Stab: Sleeping          |     1 |       ||     1
 Armour: Robe              |    27 |    42 ||    69
  Dodge: Dodged            |    28 |    51 ||    79
